 Dungeon Crawl Stone Soup version 0.31-a0-263-ge8cad7f256 (webtiles) character file.

Game seed: 224008874667769661

14 qw the Shooter (level 2, -1/16 HPs)
             Began as a Gargoyle Hexslinger on July 13, 2023.
             Slain by a jackal (2 damage)
             ... on level 1 of the Dungeon.
             The game lasted 00:00:07 (173 turns).

qw the Shooter (Gargoyle Hexslinger)                 Turns: 173, Time: 00:00:08

Health: -1/16      AC:  4    Str: 11    XL:     2   Next: 41%
Magic:  3/3        EV: 12    Int: 13    God:
Gold:   39         SH:  0    Dex: 12    Spells: 2/3 levels left

rFire   . . .        a - +1 sling
rCold   . . .        (no shield)
rNeg    + . .        c - +0 robe
rPois   inf          (no helmet)
rElec   +            (no cloak)
rCorr   .            (no gloves)
SInv    .            (no boots)
Will    .....        (no amulet)
Stlth   +            (no ring)
HPRegen 0.22/turn    (no ring)
MPRegen 0.08/turn

%: no passive effects
@: no status effects
A: sickness immunity, AC +2, negative energy resistance 1, electricity
resistance, torment resistance 1, petrification resistance
a: no special abilities


You were on level 1 of the Dungeon.
You visited 1 branch of the dungeon, and saw 1 of its levels.

You collected 39 gold pieces.


Innate Abilities, Weirdness & Mutations

You are immune to sickness and miasma.
Your stone body is resilient. (AC +2)
You are immune to poison.
You resist negative energy. (rN+)
You are resistant to electric shocks. (rElec)
You are resistant to unholy torment.
You are immune to petrification.


   Skills:
 + Level 1.1 Fighting
 - Level 3.0 Ranged Weapons
 - Level 1.5 Dodging
 - Level 1.0 Spellcasting
 - Level 2.6 Hexes


You had 2 spell levels left.
You knew the following spells:

 Your Spells              Type           Power      Damage    Failure   Level
a - Slow                  Hex            28%        N/A       10%         1

Your spell library contained the following spells:

 Spells                   Type           Power      Damage    Failure   Level
 Inner Flame              Hex/Fire       4%         N/A       43%         3
 Portal Projectile        Hex/Tloc       8%         N/A       43%         3
 Cause Fear               Hex            3%         N/A       67%         4

Inventory:

Hand Weapons
 a - a +1 sling (weapon)
Armour
 c - a +0 robe (worn)
 d - a +0 ring mail
Scrolls
 b - a scroll of poison
 f - a scroll of amnesia {unknown}
Potions
 e - a potion of attraction {unknown}

Dungeon Overview and Level Annotations

Branches:
Dungeon (1/15)

Altars:

Shops:
D:1 *


Message History

You shoot a sling bullet.
The sling bullet barely misses the quokka.
The jackal bites you but does no damage.
The quokka closely misses you.
A goblin comes into view. It is wielding a +0 dagger.
The jackal barely misses you. The quokka closely misses you.
You shoot a sling bullet.
The sling bullet barely misses the quokka.
The goblin shouts!
The jackal barely misses you. The quokka closely misses you.
The jackal bites you.
You shoot a sling bullet. The sling bullet hits the quokka.
The quokka is almost dead.
The quokka bites you. The goblin closely misses you. The jackal bites you.
The quokka bites you.
You shoot a sling bullet.
The sling bullet hits the quokka but does no damage.
The quokka is almost dead.
The jackal misses you. The goblin hits you with a +0 dagger.
The quokka misses you. The jackal barely misses you.
The goblin barely misses you.
You shoot a sling bullet.
The sling bullet barely misses the quokka.
The jackal bites you but does no damage.
The quokka closely misses you. The jackal completely misses you.
The quokka closely misses you.
You shoot a sling bullet.
The sling bullet closely misses the quokka.
The jackal closely misses you. The quokka barely misses you.
The goblin hits you with a +0 dagger.
The jackal bites you but does no damage.
You shoot a sling bullet.
The sling bullet barely misses the quokka.
The quokka misses you. The goblin hits you but does no damage.
The jackal bites you. The dart slug bites you. The quokka barely misses you.
The goblin hits you with a +0 dagger.
You shoot a sling bullet.
The sling bullet barely misses the quokka.
The jackal bites you.
You die...

...............#....
#...........###### .
#####..###### ..
######.## .#.###....#.#
..........#.#
............##
.#....wgg....##
......h@...#..#
.####.r.......######
#...#.##.......#
###%...........##
########..#.....:...####
.......................#
###.....................
#######.......(..#####
#........(.#


You could see a dart slug, a quokka, a jackal and 2 goblins.

Vanquished Creatures
  2 endoplasms (D:1)
  A giant cockroach (D:1)
  3 jackals (D:1)
  2 quokkas (D:1)
  2 bats (D:1)
  A kobold (D:1)
  A rat (D:1)
12 creatures vanquished.

Notes
Turn   | Place    | Note
-------+----------+-------------------------------------------
     0 | D:1      | qw the Gargoyle Hexslinger began the quest for the Orb.
     0 | D:1      | Reached XP level 1. HP: 12/12 MP: 2/2
     0 | D:1      | 0 ||| qw: Version: 0.3-a-52-g30416fa
     0 | D:1      | 0 ||| qw: Game counter: 7504
     0 | D:1      | 0 ||| qw: Melee chars always use a shield: true
     0 | D:1      | 0 ||| qw: God list: Okawaru
     0 | D:1      | 0 ||| qw: Allow faded altars: false
     0 | D:1      | 0 ||| qw: Do Orc after clearing Dungeon:15 true
     0 | D:1      | 0 ||| qw: Do second Lair branch before Depths: true
     0 | D:1      | 0 ||| qw: Lair rune preference: random
     0 | D:1      | 0 ||| qw: Goals: Normal
     0 | D:1      | 0 ||| PLANNING D:1-11
    23 | D:1      | Found Pehued's Assorted Antiques.
    39 | D:1      | 39 ||| SHOPLISTING amethyst potion (17 gold, have 9).
    39 | D:1      | 39 ||| SHOPLISTING cloak (85 gold, have 9).
    39 | D:1      | 39 ||| SHOPLISTING leather armour (38 gold, have 9).
   105 | D:1      | Reached XP level 2. HP: 16/16 MP: 3/3
   166 | D:1      | Reached skill level 3 in Ranged Weapons
   171 | D:1      | HP: 4/16 [goblin/+0 dagger (2)]
   172 | D:1      | HP: 1/16 [goblin/+0 dagger (1)]
   173 | D:1      | Slain by a jackal

Levels and vault maps discovered:
D:1:      psy_arrival_conway, layout_rooms, serial_shops,
          nicolae_shop_window_shopping

Skill      XL: |  1  2 |
---------------+-------+-----
Ranged Weapons | 3 |  3.0
Fighting       | |  1.1
Dodging        | |  1.5
Spellcasting   | |  1.0
Hexes          | |  2.6

Action                     || total
---------------------------++-------
   Fire: Sling             ||    40
 Armour: Robe              ||    10
  Dodge: Dodged            ||    30

Table legend:
 A = Non-vault XP
 B = Vault XP
 C = Vault XP percentage of total XP
 D = Non-vault monster count
 E = Vault monster count
 F = Vault count percentage of total count
                 A         B        C        D         E       F
            +---------+---------+-------+---------+---------+-------
      Total |      20 |       0 |   0.0 |      12 |       0 |   0.0
            +---------+---------+-------+---------+---------+-------
        D:1 |      20 |       0 |   0.0 |      12 |       0 |   0.0
            +---------+---------+-------+---------+---------+-------
